 Dungeon Crawl Stone Soup version 0.29-a0-451-gfbfa42419e (webtiles) character file.

Game seed: 4521623643271051319

51 quinnr the Gusty (level 3, -3/19 HPs)
             Began as a Tengu Air Elementalist on May 19, 2022.
             Slain by a gnoll
             ... wielding a +0 flail
              (11 damage)
             ... on level 2 of the Dungeon.
             The game lasted 00:03:28 (2106 turns).

quinnr the Gusty (Tengu Air Elementalist)           Turns: 2106, Time: 00:03:28

Health: -3/19      AC:  2    Str:  8    XL:     3   Next: 83%
Magic:  3/7        EV: 12    Int: 17    God:
Gold:   85         SH:  0    Dex: 14    Spells: 5/6 levels left

rFire   . . .      SeeInvis .   (no weapon)
rCold   . . .      Faith    .   (no shield)
rNeg    . . .      Spirit   .   a - +0 robe
rPois   +          Reflect  .   (helmet restricted)
rElec   .          Harm     .   (no cloak)
rCorr   .          Rampage  .   (no gloves)
Will    .....                   (boots unavailable)
Stlth   ++........              (no amulet)
HPRegen 0.06/turn               c - ring of poison resistance
MPRegen 0.10/turn               (no ring)

@: no status effects
A: beak, talons 3
a: no special abilities


You were on level 2 of the Dungeon.
You visited 1 branch of the dungeon, and saw 3 of its levels.

You collected 85 gold pieces.

Inventory:

Armour
 a - a +0 robe (worn)
Jewellery
 c - a ring of poison resistance (left hand)
Scrolls
 f - 3 scrolls of blinking {unknown}
 h - 4 scrolls of identify {unknown}
 k - a scroll of vulnerability {unknown}
 l - 2 scrolls of teleportation {unknown}
 n - a scroll of fog {unknown}
 o - 2 scrolls of immolation {unknown}
 q - 3 scrolls of enchant weapon {unknown}
Potions
 b - a potion of magic
 d - 3 potions of heal wounds {unknown}
 e - a potion of haste {unknown}
 g - 2 potions of curing {unknown}
 i - a potion of resistance {unknown}
 j - a potion of berserk rage {unknown}
 m - a potion of mutation {unknown}
 p - a potion of brilliance {unknown}


   Skills:
 - Level 2.1 Dodging
 - Level 2.0 Stealth
 - Level 2.0 Spellcasting
 - Level 1.3 Conjurations
 * Level 6.2 Air Magic


You had 5 spell levels left.
You knew the following spells:

 Your Spells              Type           Power      Damage    Failure   Level
a - Shock                 Conj/Air       56%        1d6       4%          1

Your spell library contained the following spells:

 Spells                   Type           Power      Damage    Failure   Level
 Swiftness                Air            22%        N/A       4%          3
 Static Discharge         Conj/Air       14%        N/A       6%          2
 Airstrike                Air            11%        N/A       16%         4
 Slow                     Hex            4%         N/A       19%         1
 Confusing Touch          Hex            1%         N/A       50%         3
 Vampiric Draining        Necr           1%         2d6       50%         3


Dungeon Overview and Level Annotations

Branches:
Dungeon (3/15)

Altars:
Elyvilon

Shops:
D:1 [**!


Innate Abilities, Weirdness & Mutations

You have a beak for a mouth.
You have claws for feet.


Message History

You now have enough gold to buy a potion of magic on D:1.
You can access your shopping list by pressing '$'.
You now have 85 gold pieces (gained 8).
You see here a quokka corpse.
Done exploring.
Done exploring.
(D) Dungeon
Where to? (Enter - D:2, ? - help)
There is a stone staircase leading down here.
You climb downwards.
Found a metallic blue potion and 12 gold pieces.
There is a stone staircase leading up here.
A gnoll comes into view. It is wielding a +0 flail.
The zap hits the gnoll.
The gnoll is heavily wounded.
The gnoll shouts!
You hear a shout!
A gnoll comes into view. It is wielding a +0 spear.
The zap misses the gnoll.
There is a stone staircase leading up here.
A gnoll comes into view. It is wielding a +0 club.
The zap misses the gnoll.
The gnoll shouts!
You hear a shout!
The gnoll misses you.
You climb upwards.
There is a stone staircase leading down here.
The zap hits the gnoll.
The gnoll is severely wounded.
The gnoll misses you. The gnoll attacks as you move away! The gnoll misses you.
The gnoll attacks as you move away! The gnoll misses you.
The gnoll attacks as you move away! The gnoll hits you with a +0 flail!
The gnoll attacks as you move away! The gnoll hits you but does no damage.
The zap hits the gnoll.
The gnoll is severely wounded.
The gnoll hits you with a +0 flail.
You are too injured to fight recklessly!
You are too injured to fight recklessly!
The gnoll hits you with a +0 flail!
Ouch! That really hurt!
You die...

............#....................
............#>..########.##...###
........._..##...# #.##......
............##...## #.##......
............##....# #.##......
.............#..#.# #.##......
.............#..#.## #.##......
.............#.g#..#####.##......
########.....#..@................
#...........##.###..####.#####...
#...........##.####.####.#.......
#...........................#.#.#
#...........###.###..###.#..#.#.#
#...........# #.#........#..#.#.#
#...........# #.#.##..##.#..#.#..
#...........# #.#.###.##.#..#.###
############# #.#.# #..#.#..#....


You could see a gnoll.

Vanquished Creatures
  A worm (D:2)
  2 dart slugs (D:1)
  3 endoplasms
  4 hobgoblins
  3 jackals (D:1)
  3 quokkas
  5 ball pythons
  6 bats
  4 frilled lizards
  3 goblins
  4 kobolds (D:1)
  4 rats
42 creatures vanquished.

Notes
Turn   | Place    | Note
-------+----------+-------------------------------------------
     0 | D:1      | quinnr the Tengu Air Elementalist began the quest for the
                  | Orb.
     0 | D:1      | Reached XP level 1. HP: 10/10 MP: 4/4
   236 | D:1      | Reached XP level 2. HP: 15/15 MP: 1/6
   325 | D:1      | Found Zeogg's Antique Armour Boutique.
   363 | D:1      | Reached skill level 5 in Air Magic
   463 | D:1      | Found a faded altar of an unknown god.
   626 | D:1      | Found Oskutousch's General Store.
   656 | D:1      | Found Kuinnero's Distillery.
   754 | D:1      | Reached XP level 3. HP: 19/19 MP: 5/7
   791 | D:1      | Found Omioruyz's General Store.
  1561 | D:2      | Reached skill level 6 in Air Magic
  2010 | D:2      | Found a white marble altar of Elyvilon.
  2106 | D:2      | Slain by a gnoll

Illustrated notes

Levels and vault maps discovered:
D:1:      evilmike_arrival_plus, layout_basic, ebering_ecumenical_altar_box,
          serial_shops, shop, shop, shop,
          nicolae_shop_temple_entry_statues_fountains
D:2:      layout_basic, basic_altar
D:3:      layout_basic, nicolae_overflow_ecumenical_swirl,
          gammafunk_temple_overflow_wave, uniq_ijyb

Skill      XL: |  1  2  3 |
---------------+----------+-----
Air Magic      | 5 6 |  6.2
Dodging        | |  2.1
Stealth        | |  2.0
Spellcasting   | |  2.0
Conjurations   | |  1.3

Action                   || total
-------------------------++-------
Melee: Unarmed           ||     5
       Kick              ||     4
 Cast: Shock             ||    81
Armor: Robe              ||     8
Dodge: Dodged            ||    26

Table legend: (Time is in decaauts)
 A = Elapsed time spent in this place.
 B = Non-inter-level travel time spent in this place.
 C = Inter-level travel time spent in this place.
 D = Time resting spent in this place.
 E = Time spent auto-exploring this place.
 F = Levels seen in this place.
 G = Mean time per level.
                   A        B        C        D        E       F      G
               +--------+--------+--------+--------+--------+-----+--------+
         Total |   2105 |   2054 |     51 |     25 |   1737 |   3 |  701.7 |
       Dungeon |   2105 |   2054 |     51 |     25 |   1737 |   3 |  701.7 |
               +--------+--------+--------+--------+--------+-----+--------+

Top non-repeatable levels by time:
     D:1: 1189 daAuts
     D:2: 905 daAuts
     D:3: 10 daAuts
